 Dungeon Crawl Stone Soup version 0.26.0-15-gc6cd9f700b (webtiles) character file.

Game seed: 6597697029211305879

31525 pkoi the Carver (level 13, -19/117 HPs)
             Began as a Minotaur Gladiator on Jan 16, 2021.
             Was a High Priest of Okawaru.
             Demolished by a titanic slime creature (28 damage)
             ... on level 13 of the Dungeon.
             The game lasted 00:25:23 (17170 turns).

pkoi the Carver (Minotaur Gladiator)               Turns: 17170, Time: 00:25:24

Health: -19/117    AC: 23    Str: 22    XL:     13   Next: 26%
Magic:  14/14      EV: 14    Int:  6    God:    Okawaru [*****.]
Gold:   787        SH:  0    Dex: 13    Spells: 12/12 levels left

rFire    . . .     SeeInvis .   a - +2 great sword (flame)
rCold    . . .     Faith    .   (shield currently unavailable)
rNeg     + . .     Spirit   .   V - +2 chain mail {rPois}
rPois    +         Reflect  .   c - +1 hat
rElec    .         Harm     .   P - +1 cloak {Will+}
rCorr    .         Rampage  +   (no gloves)
Will     +....                  n - +0 pair of boots {rampage}
Stlth    ..........             (no amulet)
HPRegen  0.29/turn              K - +4 ring of protection
MPRegen  0.14/turn              D - ring of positive energy

@: no status effects
A: retaliatory headbutt, horns 2
a: Renounce Religion, Heroism, Finesse


You were on level 13 of the Dungeon.
You worshipped Okawaru.
Okawaru was extremely pleased with you.
You visited 2 branches of the dungeon, and saw 14 of its levels.
You also visited: Ossuary.

You collected 875 gold pieces.
You spent 88 gold pieces at shops.

Inventory:

Hand Weapons
 a - a +2 great sword of flaming (weapon)
 b - a +0 shortbow
 r - a +1 long sword of electrocution
Missiles
 d - 4 throwing nets (quivered)
 f - 6 curare-tipped darts
 s - 11 boomerangs
 y - 424 arrows
 J - 106 poisoned darts
Armour
 c - a +1 hat (worn)
 n - a +0 pair of boots of rampaging (worn)
 P - a +1 cloak of willpower (worn)
 V - a +2 chain mail of poison resistance (worn)
Jewellery
 k - an uncursed ring of willpower
 m - an uncursed amulet of guardian spirit
 q - an uncursed ring of magical power
 A - an uncursed ring of stealth
 D - a ring of positive energy (right hand)
 E - an uncursed amulet of magic regeneration
 K - a +4 ring of protection (left hand)
 L - an uncursed ring of resist corrosion
 O - an uncursed ring of ice
 S - an uncursed ring of poison resistance
Wands
 h - a wand of digging (2)
 j - a wand of iceblast (3)
 B - a wand of paralysis (6)
 C - a wand of random effects (20)
 F - a wand of disintegration (6)
 G - a wand of acid (14)
 M - a wand of enslavement (7)
 N - a wand of polymorph (9)
Scrolls
 g - a scroll of teleportation
 i - 20 scrolls of identify
 l - 3 scrolls of amnesia
 t - a scroll of random uselessness
 u - a scroll of blinking
 w - 2 scrolls of remove curse
 x - 4 scrolls of enchant armour
 H - a scroll of fear
 T - a scroll of summoning
Potions
 e - 3 potions of attraction
 o - 5 potions of haste
 p - 6 potions of curing
 v - 6 potions of heal wounds
 z - 4 potions of lignification
 R - a potion of resistance


   Skills:
 + Level 11.8 Fighting
 - Level 14.0 Long Blades
 + Level 10.4 Bows
 - Level 2.1 Throwing
 + Level 11.5 Armour
 + Level 11.2 Dodging
 + Level 2.7 Invocations


You had 12 spell levels left.
You didn't know any spells.
Your spell library contained the following spells:

 Spells                   Type           Power        Failure   Level
 Foxfire                  Conj/Fire      0%           95%         1
 Magic Dart               Conj           0%           95%         1
 Sting                    Tmut/Pois      0%           95%         1
 Blink                    Tloc           N/A          99%         2
 Call Imp                 Summ           0%           99%         2
 Poisonous Vapours        Pois/Air       0%           99%         2
 Slow                     Hex            0%           99%         2
 Conjure Flame            Conj/Fire      0%           100%        3
 Ignite Poison            Fire/Tmut/Pois 0%           100%        3
 Inner Flame              Hex/Fire       0%           100%        3
 Mephitic Cloud           Conj/Pois/Air  0%           100%        3
 Sticky Flame             Conj/Fire      0%           100%        4
 Fireball                 Conj/Fire      0%           100%        5
 Irradiate                Conj/Tmut      0%           100%        5
 Freezing Cloud           Conj/Ice/Air   0%           100%        6
 Hydra Form               Tmut           0%           100%        6
 Starburst                Conj/Fire      0%           100%        6
 Ignition                 Fire           0%           100%        8


Dungeon Overview and Level Annotations

Branches:
Dungeon (13/15)            Temple (1/1) D:5             Orc (0/2) D:12
Ossuary (visited)
   Lair: D:8-11      Vaults: D:13-14

Altars:
Ashenzari
Cheibriados
Dithmenos
Elyvilon
Fedhas
Gozag
Hepliaklqana
Kikubaaqudgha
Makhleb
Nemelex Xobeh
Okawaru
Qazlal
Ru
Sif Muna
Trog
Uskayaw
Vehumet
Wu Jian
Xom
Yredelemnul
Zin
The Shining One
Beogh

Shops:
D:4 (   D:6 *=*[(   D:11 *

Annotations:
D:10 3 runed translucent doors, Warped's ghost, journeyman MiMo


Innate Abilities, Weirdness & Mutations

You reflexively headbutt those who attack you in melee.
You have a pair of horns on your head.


Message History

You are too injured to fight recklessly!
You are too injured to fight recklessly!
You are too injured to fight recklessly!
You are too injured to fight recklessly!
You are too injured to fight recklessly!
You are too injured to fight recklessly!
You barely miss the titanic slime creature.
You headbutt the titanic slime creature.
The titanic slime creature is severely wounded.
The titanic slime creature completely misses you.
Unknown command.
You barely miss the titanic slime creature.
Your headbutt misses the titanic slime creature.
The titanic slime creature is severely wounded.
The titanic slime creature hits you!!!
* * * LOW HITPOINT WARNING * * *
You barely miss the titanic slime creature.
The titanic slime creature is severely wounded.
The titanic slime creature hits you!!
You die...

..........#
.J.......# ........
.....$# ..... ...
#B# #J# ##@# #..#
##### #######'####
...<# #..........#
###.#####..........#
#...'...#..........#
#.#####.#..........#
#...# #.'..........#
#.#.# ###..........#


You could see a titanic slime creature and a worker ant.

Vanquished Creatures
  Frances (D:13)
  Fannar (D:10)
  An ogre mage (D:11)
  Harold (D:8)
  A hydra (D:9)
  A catoblepas (D:11)
  A death knight (D:13)
  4 two-headed ogres
  A centaur warrior (D:10)
  2 skeletal warriors
  An unseen horror (D:11)
  2 deep elf magi (D:12)
  3 ugly things
  A cyclops (D:12)
  Joseph (D:8)
  2 manticores
  A gargoyle (D:11)
  2 centaur skeletons
  2 kobold demonologists (D:11)
  2 freezing wraiths (D:13)
  A tengu conjurer (D:9)
  4 trolls
  Grinder (D:3)
  A hornet (D:10)
  5 slime creatures (D:11)
  A shadow (D:12)
  2 wraiths
  16 yaks
  5 wyverns
  Eustachio (D:4)
  A soldier ant (D:11)
  2 acid dragons
  11 orc warriors
  4 ice beasts
  3 black bears
  2 sky beasts
  An eye of draining (D:12)
  5 phantoms
  2 necrophages
  9 ogres
  6 centaurs
  3 big kobolds
  2 gnoll sergeants
  15 bullfrogs
  A wyvern skeleton (D:10)
  11 scorpions
  13 killer bees
  16 wights
  3 howler monkeys (D:7)
  6 centaur zombies
  7 hounds
  5 bullfrog zombies
  A bullfrog skeleton (D:9)
  3 jellies
  9 orc priests
  12 orc wizards
  3 human zombies (Ossuary)
  Terence (D:3)
  2 iguanas
  10 worker ants
  A big kobold zombie (Ossuary)
  2 hound zombies
  A hound skeleton (D:6)
  3 mummies (Ossuary)
  A howler monkey skeleton (D:7)
  7 scorpion zombies (Ossuary)
  5 adders
  20 gnolls
  A shadow imp (D:5)
  8 white imps
  An ooze (D:2)
  3 adder skeletons
  A worm (D:3)
  4 dart slugs
  A leopard gecko (D:11)
  58 orcs
  6 giant cockroaches
  A gnoll zombie (Ossuary)
  9 goblins
  10 hobgoblins
  10 jackals
  6 quokkas
  A ball python (D:4)
  11 bats
  4 frilled lizards
  A goblin zombie (Ossuary)
  2 hobgoblin zombies (Ossuary)
  16 kobolds
  A kobold zombie (Ossuary)
  An orc zombie (Ossuary)
  A quokka skeleton (D:6)
  3 rats
437 creatures vanquished.

Vanquished Creatures (others)
  A bullfrog skeleton (D:10)
1 creature vanquished.

Grand Total: 438 creatures vanquished

Notes
Turn   | Place    | Note
-------+----------+-------------------------------------------
     0 | D:1      | pkoi the Minotaur Gladiator began the quest for the Orb.
     0 | D:1      | Reached XP level 1. HP: 18/18 MP: 0/0
   216 | D:1      | Reached skill level 4 in Long Blades
   426 | D:1      | Reached XP level 2. HP: 25/25 MP: 1/1
   990 | D:1      | Reached skill level 5 in Long Blades
  1120 | D:2      | Reached XP level 3. HP: 28/30 MP: 2/2
  1916 | D:3      | Reached XP level 4. HP: 37/37 MP: 3/3
  1922 | D:3      | Reached skill level 6 in Long Blades
  2161 | D:3      | Noticed Grinder
  2172 | D:3      | Killed Grinder
  2173 | D:3      | Reached skill level 8 in Long Blades
  2173 | D:3      | Reached XP level 5. HP: 11/42 MP: 1/4
  2173 | D:3      | Reached XP level 6. HP: 13/50 MP: 1/5
  2600 | D:3      | Reached skill level 9 in Long Blades
  2937 | D:3      | Noticed Terence
  2949 | D:3      | Killed Terence
  3217 | D:4      | Reached XP level 7. HP: 56/56 MP: 6/6
  3239 | D:4      | Found a basalt altar of Yredelemnul.
  3306 | D:4      | Found Nydwu's Weapon Emporium.
  3348 | D:4      | Noticed Eustachio
  3360 | D:4      | Killed Eustachio
  3361 | D:4      | Reached skill level 1 in Armour
  3994 | D:5      | Entered Level 5 of the Dungeon
  4119 | D:5      | Reached skill level 1 in Bows
  4338 | D:5      | Reached XP level 8. HP: 61/66 MP: 7/7
  4348 | D:5      | Reached skill level 10 in Long Blades
  4516 | D:5      | Found a staircase to the Ecumenical Temple.
  4555 | Temple   | Entered the Ecumenical Temple
  4831 | Temple   | Became a worshipper of Warmaster Okawaru
  5298 | D:6      | Found Bytu Wai's General Store.
  5301 | D:6      | Bought a potion of mutation for 88 gold pieces
  5370 | D:6      | Reached skill level 5 in Dodging
  5372 | D:6      | Found Ithoupn's Jewellery Emporium.
  5416 | D:6      | Reached * piety under Okawaru
  5417 | D:6      | Reached skill level 5 in Fighting
  5476 | D:6      | Found Oluysics's Assorted Antiques.
  5497 | D:6      | Found Seukkane's Armour Shoppe.
  5668 | D:6      | Found an ancient bone altar of Kikubaaqudgha.
  5683 | D:6      | Found Xypot's Antique Weapon Shoppe.
  6126 | D:6      | Reached XP level 9. HP: 61/74 MP: 8/8
  6307 | D:5      | Reached skill level 5 in Armour
  6784 | D:7      | Found a sand-covered staircase.
  6788 | Ossuary  | Entered an ossuary
  6817 | Ossuary  | Reached ** piety under Okawaru
  7320 | Ossuary  | Reached skill level 11 in Long Blades
  7627 | D:7      | Reached skill level 5 in Bows
  7692 | D:7      | Noticed a torpor snail
  7964 | D:7      | Reached *** piety under Okawaru
  7965 | D:7      | Found a snail-covered altar of Cheibriados.
  7996 | D:7      | Reached XP level 10. HP: 56/86 MP: 9/9
  8301 | D:7      | Found a sparkling altar of Nemelex Xobeh.
  8306 | D:7      | Identified Ytiuheug's Grimoire of Shifting Ignition
  8380 | D:7      | Noticed a torpor snail
  8381 | D:7      | Noticed a torpor snail
  9067 | D:8      | Noticed Harold
  9075 | D:8      | Killed Harold
  9239 | D:8      | Reached **** piety under Okawaru
  9337 | D:8      | Received a gift from Okawaru
  9412 | D:8      | Noticed Joseph
  9426 | D:8      | Killed Joseph
 10077 | D:9      | Noticed a two-headed ogre
 10081 | D:9      | Killed a two-headed ogre
 10082 | D:9      | Reached skill level 12 in Long Blades
 10307 | D:9      | Received a gift from Okawaru
 10526 | D:9      | Reached XP level 11. HP: 73/95 MP: 7/10
 10809 | D:9      | Noticed an eight-headed hydra
 10822 | D:9      | Killed an eight-headed hydra
 11173 | D:10     | Entered Level 10 of the Dungeon
 11176 | D:10     | You fall into a shaft and drop 2 floors!
 11190 | D:12     | Noticed a deep elf mage
 11208 | D:12     | Killed a deep elf mage
 11208 | D:12     | Received a gift from Okawaru
 11220 | D:11     | Noticed a catoblepas
 11229 | D:11     | Killed a catoblepas
 11229 | D:11     | Reached ***** piety under Okawaru
 11790 | D:10     | Noticed a centaur warrior
 11795 | D:10     | Killed a centaur warrior
 11914 | D:10     | Noticed Fannar
 11940 | D:10     | Killed Fannar
 12044 | D:10     | Received a gift from Okawaru
 12160 | D:10     | Noticed a two-headed ogre
 12163 | D:10     | Killed a two-headed ogre
 12164 | D:10     | Reached skill level 13 in Long Blades
 12333 | D:10     | Reached skill level 10 in Fighting
 12527 | D:10     | Found a roughly hewn altar of Beogh.
 12680 | D:10     | Found a runed translucent gate.
 12681 | D:10     | Found a runed translucent gate.
 12682 | D:10     | Found a runed translucent gate.
 12683 | D:10     | Noticed Warped's ghost (journeyman MiMo)
 12784 | D:11     | Noticed a two-headed ogre
 12791 | D:11     | Killed a two-headed ogre
 12792 | D:11     | Reached XP level 12. HP: 100/106 MP: 11/11
 12839 | D:11     | Found Fuiph's General Store.
 13041 | D:11     | Reached skill level 10 in Armour
 13085 | D:11     | Noticed an ogre mage
 13099 | D:11     | Killed an ogre mage
 13100 | D:11     | Reached skill level 10 in Dodging
 13517 | D:11     | Noticed a two-headed ogre
 13523 | D:11     | Killed a two-headed ogre
 14854 | D:11     | Received a gift from Okawaru
 15559 | D:12     | Found a staircase to the Orcish Mines.
 15659 | D:12     | Reached skill level 14 in Long Blades
 15663 | D:12     | Reached skill level 10 in Bows
 16046 | D:13     | Noticed Frances
 16065 | D:13     | Killed Frances
 16066 | D:13     | Reached skill level 1 in Invocations
 16066 | D:13     | Reached XP level 13. HP: 53/116 MP: 10/13
 16080 | D:13     | Received a gift from Okawaru
 16371 | D:13     | Got a shimmering ring mail {god gift}
 16382 | D:13     | Identified the +2 ring mail of Baldness {-Tele rElec rF+
                  | Dex+2} (Okawaru gifted it to you on level 13 of the
                  | Dungeon)
 17170 | D:13     | Demolished by a titanic slime creature

Illustrated notes

Levels and vault maps discovered:
D:1:      dpeg_arrival_refuge, layout_basic, chequers_serial_rivers_micro_c
D:2:      layout_loops_cross, kennysheep_generic_room_3
D:3:      layout_basic, uniq_terence, uniq_grinder
D:4:      layout_loops_ring, kennysheep_little_box, serial_shops, shop,
          minmay_crossroads, uniq_eustachio
D:5:      minmay_angry_zag, layout_loops_cross, minmay_temple_entry_mist
D:6:      layout_cave_pods, serial_shops, shop, shop, shop,
          nicolae_shop_statue_plus, nicolae_shop_waterfront, basic_altar
D:7:      layout_basic, basic_altar, nicolae_ossuary_entry_plus,
          cheibriados_altar_2
D:8:      layout_cave_pods, enter_bailey_1, chequers_serial_rivers_room_a,
          uniq_joseph, uniq_harold
D:9:      minmay_quarter_circles, layout_small_grid, nicolae_zen_rock_garden
D:10:     layout_roguey [special_room_orc], ebering_ghost_rock_garden,
          fungi_pond_lemuel, grunt_ministairs_2, uniq_fannar
D:11:     minmay_the_grid_square_5x5_3x3 [minmay_the_grid_square_5x5_tri_point,
          minmay_the_grid_square_5x5_one_wall, minmay_the_grid_square_5x5_empty,
          minmay_the_grid_square_5x5_intrusive_squares,
          minmay_the_grid_square_5x5_megaprize_diamond,
          minmay_the_grid_square_5x5_minibox, minmay_the_grid_square_5x5_mess,
          minmay_the_grid_square_5x5_inner_i,
          minmay_the_grid_square_5x5_two_small], layout_long_grid, serial_shops,
          shop
D:12:     layout_big_octagon, orc_0_dummy, drop_trap
D:13:     layout_roguey, uniq_nessos, uniq_snorg, uniq_frances
Temple:   minmay_crystal_snake_temple

Skill      XL: |  1  2  3  4  5  6  7  8  9 10 11 12 13 |
---------------+----------------------------------------+-----
Long Blades    | 4 5 8 9 10 11 12 13 14 | 14.0
Fighting       | 3 5 7 8 10 11 | 11.8
Armour         | 2 4 6 8 9 11 | 11.5
Dodging        | 4 5 7 8 9 10 11 | 11.2
Bows           | 1 3 5 7 8 10 | 10.4
Invocations    | 1 2 |  2.7
Throwing       | |  2.1

Action                   |  1- 3 |  4- 6 |  7- 9 | 10-12 | 13-15 || total
-------------------------+-------+-------+-------+-------+-------++-------
Melee: Long sword        |    79 |    98 |   366 |   424 |       ||   967
       Headbutt          |     8 |    20 |    92 |   154 |    26 ||   300
       Great sword       |       |       |       |   192 |    86 ||   278
 Fire: Shortbow          |       |       |       |    12 |       ||    12
Invok: Heroism           |       |       |       |     3 |     1 ||     4
  Use: Scroll            |     1 |       |    13 |     5 |     1 ||    20
       Potion            |       |       |     7 |     3 |     2 ||    12
 Stab: Sleeping          |       |       |     2 |       |       ||     2
Armor: Leather armour    |     2 |       |       |       |       ||     2
       Ring mail         |    27 |    23 |    93 |   192 |     8 ||   343
       Chain mail        |       |       |       |       |    24 ||    24
Dodge: Dodged            |    58 |    49 |   226 |   421 |    42 ||   796
       Rpst.: Long sword |    10 |    13 |    68 |    50 |       ||   141
       Great sword       |       |       |       |    28 |    15 ||    43
